 Dungeon Crawl Stone Soup version 0.21.0 (webtiles) character file.

179 mortelune the Firebug (level 5, -1/39 HPs)
             Began as a Draconian Fire Elementalist on Jan 6, 2018.
             Killed from afar by an orc wizard (10 damage)
             ... with a puff of flame
             ... on level 3 of the Dungeon.
             The game lasted 00:09:13 (3853 turns).

mortelune the Firebug (Draconian Fire Elementalist) Turns: 3853, Time: 00:09:14

Health: -1/39      AC:  6    Str: 16    XL:     5   Next: 33%
Magic:  14/18      EV: 12    Int: 16    God:
Gold:   142        SH:  0    Dex: 11    Spells: 0/10 levels left

rFire    . . .     SeeInvis .   q - staff of wizardry
rCold    . . .     Gourm    .   (no shield)
rNeg     . . .     Faith    .   (armour unavailable)
rPois    .         Spirit   .   (helmet restricted)
rElec    .         Reflect  .   (no cloak)
rCorr    .         Harm     .   t - +0 pair of gloves
MR       .....                  (no boots)
Stlth    ++........             (no amulet)
HPRegen  0.13/turn              p - ring of magical power
MPRegen  0.16/turn              y - +5 ring of strength

@: no status effects
A: unfitting armour, cold-blooded, AC +5
a: no special abilities


You were on level 3 of the Dungeon.
You were hungry.

You visited 1 branch of the dungeon, and saw 4 of its levels.

You collected 142 gold pieces.

Inventory:

Hand Weapons
 e - a +0 club
 i - a +0 dagger
 m - a +0 short sword
 n - a +0 spear
 o - a +3 mace of draining
Missiles
 c - 6 curare-tipped needles
Armour
 t - a +0 pair of gloves (worn)
Magical Staves
 q - an uncursed staff of wizardry (weapon)
Jewellery
 p - a ring of magical power (left hand)
 y - a +5 ring of strength (right hand)
 B - an uncursed ring of poison resistance {unknown}
Wands
 x - a wand of polymorph (9)
Scrolls
 f - 3 scrolls of teleportation
 g - a scroll of fog {unknown}
 h - 5 scrolls of remove curse
 j - a scroll of blinking
 k - a scroll of magic mapping {unknown}
 l - a scroll of amnesia {unknown}
 r - 2 scrolls of enchant weapon
 s - a scroll of noise {unknown}
 v - a scroll of fear {unknown}
Potions
 d - a potion of lignification {unknown}
 u - a potion of degeneration
 w - a potion of flight
Books
 a - a book of Flames

   Spells                             Type                      Level
   a - Flame Tongue                   Conjuration/Fire             1
   b - Throw Flame                    Conjuration/Fire             2
   c - Conjure Flame                  Conjuration/Fire             3
   d - Inner Flame                    Hexes/Fire                   3
   e - Sticky Flame                   Conjuration/Fire             4
   f - Fireball                       Conjuration/Fire             5
Comestibles
 b - 8 rations


   Skills:
 + Level 0.9 Fighting
 - Level 1.7 Dodging
 - Level 1.7 Stealth
 + Level 3.0 Spellcasting
 * Level 3.6 Conjurations
 + Level 3.9 Fire Magic


You couldn't memorise any spells.
You knew the following spells:

 Your Spells              Type           Power        Failure   Level  Hunger
a - Flame Tongue          Conj/Fire      ##...        1%          1    #......
b - Throw Flame           Conj/Fire      ##....       2%          2    ##.....
c - Conjure Flame         Conj/Fire      ##......     4%          3    ###....
d - Sticky Flame          Conj/Fire      ##......     16%         4    #####..


Dungeon Overview and Level Annotations

Branches:
Dungeon (4/15)
 Temple: D:4-7

Altars:

Annotations:
D:4 Menkaure


Innate Abilities, Weirdness & Mutations

Your plain brown scales are hard. (AC +5)
You cannot fit into any form of body armour.
You are cold-blooded and may be slowed by cold attacks.


Message History

The puff of flame hits you!
Casting: Flame Tongue
Confirm with . or Enter, or press ? or * to list all spells.
Aiming: Sticky Flame
Press: ? - help, Shift-Dir - straight line, f - orc wizard
Aim: an orc wizard, wielding a dagger and wearing a robe The sticky flame hits the orc wizard.
The orc wizard is moderately wounded.
The orc wizard is covered in liquid flames!
You are feeling hungry.
The orc wizard burns!
The orc wizard barely misses you. The orc hits you with a war axe.
* * * LOW HITPOINT WARNING * * *
The orc wizard barely misses you. The orc wizard closely misses you.
The orc wizard burns!
The orc wizard mumbles some strange words.
The orc wizard blinks!
The orc wizard points at you and mumbles some strange words.
The puff of flame hits you!
You die...

..>...# #...#..)....## ......#
#...###'######
......##############...###..)...#
......'............'...+........#
......##...#########...####.....#
.......'...............## #.....#
########..(####.†##.....# #......
......##...# #oo.#.#...# ###....
#####.##...# #>@.#.#...#####....
#.##...####§#.#..............
###.##...##.....#.........#.###
#.......###.....#.#######.#.# # #
#.......# #.....#.#.....#.#.# # #
#.......# #.o.).#.#.###.#.#.# # #
#.......# #.....#.#.#.#.#.#.### #
#.......# #.....#.#...#...#.... #
#.......###.....#.#########....


You could see 2 orc wizards and an orc.

Vanquished Creatures
  A crimson imp (D:3)
  An orc wizard (D:3)
  Jessica (D:3)
  Terence (D:2)
  An adder skeleton (D:4)
  3 dart slugs
  A leopard gecko (D:3)
  An orc (D:3)
  3 bats
  8 goblins
  7 hobgoblins
  4 jackals (D:1)
  6 kobolds
  A ball python (D:2)
  7 frilled lizards
  14 rats
60 creatures vanquished.

Notes
Turn   | Place    | Note
-------+----------+-------------------------------------------
     0 | D:1      | mortelune the Draconian Fire Elementalist began the quest for the Orb.
     0 | D:1      | Reached XP level 1. HP: 14/14 MP: 3/3
   232 | D:1      | Reached XP level 2. HP: 20/20 MP: 3/5
  1211 | D:1      | Reached XP level 3. HP: 26/26 MP: 4/6
  1755 | D:2      | Noticed Terence
  2088 | D:2      | Learned a level 2 spell: Throw Flame
  2092 | D:2      | Learned a level 3 spell: Conjure Flame
  2421 | D:2      | Killed Terence
  2556 | D:2      | Reached XP level 4. HP: 33/33 MP: 7/7
  3013 | D:3      | Noticed Jessica
  3020 | D:3      | Killed Jessica
  3020 | D:3      | Reached XP level 5. HP: 35/39 MP: 9/9
  3720 | D:4      | Noticed Menkaure
  3828 | D:3      | Learned a level 4 spell: Sticky Flame
  3853 | D:3      | Killed from afar by an orc wizard

Skill      XL: |  1  2  3  4  5 |
---------------+----------------+-----
Conjurations   | 2 3 |  3.6
Spellcasting   | 3 |  3.0
Fighting       | |  0.9
Dodging        | |  1.7
Stealth        | |  1.7
Fire Magic     | |  3.9

Action                   |  1- 3 |  4- 6 || total
-------------------------+-------+-------++-------
Melee: Club              |    21 |       ||    21
       Tailslap          |     2 |     1 ||     3
       Mace              |       |    12 ||    12
 Cast: Flame Tongue      |    68 |    31 ||    99
       Throw Flame       |     1 |     5 ||     6
       Conjure Flame     |     1 |       ||     1
       Sticky Flame      |       |     1 ||     1
  Use: Scroll            |     2 |     5 ||     7
       Potion            |       |     1 ||     1
 Stab: Sleeping          |       |     1 ||     1
  Eat: Chunk             |     6 |     4 ||    10
Armor: Skin              |    20 |    10 ||    30
Dodge: Dodged            |    36 |    22 ||    58
